 Dungeon Crawl Stone Soup version 0.18.1-48-g4cf74bf (webtiles) character file.

61497 danji the Eclecticist (level 14, -1/68 HPs)
             Began as a Deep Elf Conjurer on Aug 31, 2016.
             Was the Champion of Sif Muna.
             Shot with a sling bullet by a satyr (13 damage)
             ... on level 1 of the Shoals on Sept 1, 2016.
             The game lasted 02:32:32 (31377 turns).

danji the Eclecticist (Deep Elf Conjurer)          Turns: 31377, Time: 02:32:35

Health: -1/68      AC: 17    Str:  5    XL:     14   Next: 60%
Magic:  14/39      EV: 17    Int: 35    God:    Sif Muna [******]
Gold:   2625       SH:  5    Dex: 15    Spells: 8 memorised, 26 levels left

rFire  + + .     SeeInvis +     f - +0 flail (protect)
rCold  . . .     Gourm    .     F - +3 robe of the Sparrow {rF++ rC- Int+5}
rNeg   . . .     Faith    .     G - +0 buckler "Uguxyjem" {Int+4}
rPois  .         Spirit   .     R - +2 helmet
rElec  .         Dismiss  +     B - +2 cloak
rCorr  .         Reflect  .     (no gloves)
SustAt .         Harm     .     t - +0 pair of boots
MR     +....                    N - amulet of dismissal
Stlth  +++.......               v - ring of see invisible
                                Y - ring of protection from cold

@: somewhat resistant to hostile enchantments, fairly stealthy
A: no striking features
a: Channel Energy, Forget Spell, Renounce Religion


You were on level 1 of the Shoals.
You worshipped Sif Muna.
Sif Muna was exalted by your worship.
You were not hungry.

You visited 5 branches of the dungeon, and saw 22 of its levels.

You collected 2625 gold pieces.

Inventory:

Hand Weapons
 f - a +0 flail of protection (weapon)
Armour
 g - a +2 robe of magic resistance
 t - a +0 pair of boots (worn)
 B - a +2 cloak (worn)
 F - the +3 robe of the Sparrow (worn) {rF++ rC- Int+5}
   (You took it off an orc wizard on level 1 of the Orcish Mines)

   It affects your intelligence (+5).
   It greatly protects you from fire.
   It makes you vulnerable to cold.
 G - the +0 buckler "Uguxyjem" (worn) {Int+4}
   (You found it on level 10 of the Dungeon)

   It affects your intelligence (+4).
 R - a +2 helmet (worn)
Jewellery
 v - a ring of see invisible (right hand)
 x - an uncursed ring of flight
 N - an amulet of dismissal (around neck)
 Y - a ring of protection from cold (left hand)
Wands
 c - a wand of slowing (31/48)
 p - a wand of polymorph (17/24)
 u - a wand of flame (9/48)
 U - a wand of heal wounds (4/9)
Scrolls
 b - a scroll of holy word {unknown}
 h - 3 scrolls of recharging
 j - 2 scrolls of silence
 n - 4 scrolls of magic mapping
 w - 12 scrolls of remove curse
 y - 7 scrolls of teleportation
 C - a scroll of enchant armour
 I - 2 scrolls of blinking
 V - 3 scrolls of identify
Potions
 a - a potion of heal wounds
 e - a potion of ambrosia
 k - 9 potions of curing
 o - a potion of magic
 r - 7 potions of flight
 A - a potion of haste
Books
 l - a book of Air

   Spells                             Type                      Level
   a - Shock                          Conjuration/Air              1
   b - Swiftness                      Charms/Air                   2
   c - Repel Missiles                 Charms/Air                   2
   d - Static Discharge               Conjuration/Air              3
   e - Lightning Bolt                 Conjuration/Air              5
 m - Sif Muna's Tome of Feathery Confrontation
   (Sif Muna gifted it to you on level 3 of the Lair of Beasts)

   Spells                             Type                      Level
   a - Throw Frost                    Conjuration/Ice              2
   b - Throw Flame                    Conjuration/Fire             2
   c - Throw Icicle                   Conjuration/Ice              4
   d - Venom Bolt                     Conjuration/Poison           5
 q - Sif Muna's Compendium of Blistering Battle Magic
   (Sif Muna gifted it to you on level 6 of the Lair of Beasts)

   Spells                             Type                      Level
   a - Sting                          Conjuration/Poison           1
   b - Dazzling Spray                 Conjuration/Hexes            3
   c - Stone Arrow                    Conjuration/Earth            3
   d - Bolt of Draining               Conjuration/Necromancy       5
   e - Irradiate                      Conjuration/Transmutation    5
   f - Spellforged Servitor           Conjuration/Summoning        7
   g - Chain Lightning                Conjuration/Air              8
 s - Sif Muna's Disquisition on Earthen Attacks
   (Sif Muna gifted it to you on level 1 of the Shoals)

   Spells                             Type                      Level
   a - Throw Frost                    Conjuration/Ice              2
   b - Iskenderun's Mystic Blast      Conjuration                  4
   c - Spellforged Servitor           Conjuration/Summoning        7
   d - Lehudib's Crystal Spear        Conjuration/Earth            8
 z - a book of Burglary

   Spells                             Type                      Level
   a - Swiftness                      Charms/Air                   2
   b - Passwall                       Transmutation/Earth          2
   c - Passage of Golubria            Translocation                4
   d - Lee's Rapid Deconstruction     Earth                        5
   e - Darkness                       Hexes                        6
   f - Invisibility                   Hexes                        6
 E - a book of the Earth

   Spells                             Type                      Level
   a - Leda's Liquefaction            Hexes/Earth                  4
   b - Bolt of Magma                  Conjuration/Fire/Earth       5
   c - Statue Form                    Transmutation/Earth          6
   d - Iron Shot                      Conjuration/Earth            6
   e - Shatter                        Earth                        9
 L - a book of Summonings

   Spells                             Type                      Level
   a - Recall                         Summoning/Translocation      3
   b - Aura of Abjuration             Summoning                    5
   c - Summon Demon                   Summoning                    5
   d - Summon Forest                  Summoning/Translocation      5
   e - Summon Mana Viper              Hexes/Summoning              5
   f - Shadow Creatures               Summoning                    6
 W - Sif Muna's Incunabulum of the Snowflakes and Flight
   (Sif Muna gifted it to you on level 1 of the Orcish Mines)

   Spells                             Type                      Level
   a - Shock                          Conjuration/Air              1
   b - Ensorcelled Hibernation        Hexes/Ice                    2
   c - Throw Icicle                   Conjuration/Ice              4
   d - Conjure Ball Lightning         Conjuration/Air              6
   e - Ozocubu's Refrigeration        Ice                          6
 X - Sif Muna's Papyrus of Contamination
   (Sif Muna gifted it to you on level 1 of the Orcish Mines)

   Spells                             Type                      Level
   a - Sting                          Conjuration/Poison           1
   b - Mephitic Cloud                 Conjuration/Poison/Air       3
   c - Olgreb's Toxic Radiance        Poison                       4
   d - Poisonous Cloud                Conjuration/Poison/Air       6
   e - Poison Arrow                   Conjuration/Poison           6
Comestibles
 d - 5 meat rations
 i - 4 royal jellies
 D - a bread ration
 J - 10 beef jerkies
 T - 8 fruits


   Skills:
 + Level 8.2 Dodging
 + Level 5.0 Stealth
 - Level 4.1 Shields
 + Level 19.4 Spellcasting
 + Level 16.6 Conjurations
 + Level 11.7 Charms
 + Level 2.9 Fire Magic
 + Level 4.7 Air Magic
 + Level 0.4 Evocations


You had 26 spell levels left.
You knew the following spells:

 Your Spells              Type           Power        Failure   Level  Hunger
a - Throw Flame           Conj/Fire      ######       1%          2    None
b - Searing Ray           Conj           ######       0%          2    None
c - Iskenderun's Mystic   Conj           ########     0%          4    None
d - Iskenderun's Battles  Conj/Chrm      #######.     1%          5    None
e - Magic Dart            Conj           ####         0%          1    None
f - Shock                 Conj/Air       ####         0%          1    None
g - Stone Arrow           Conj/Erth      ######       1%          3    None
h - Spellforged Servitor  Conj/Summ      #######...   28%         7    #......


Dungeon Overview and Level Annotations

Branches:
Dungeon (12/15)            Temple (1/1) D:7            Lair (6/8) D:8
 Shoals (1/4) Lair:5        Snake (0/4) Lair:6          Orc (2/2) D:9
    Elf (0/3) Orc:2
  Slime: Lair:6-8

Altars:
Ashenzari
Cheibriados
Dithmenos
Elyvilon
Fedhas
Gozag
Kikubaaqudgha
Makhleb
Nemelex Xobeh
Okawaru
Qazlal
Ru
Sif Muna
Trog
Vehumet
Xom
Yredelemnul
Zin
The Shining One
Beogh
Lugonu

Shops:
D:8 *   Orc:2 ?%(:

Portals:
Pandemonium: Orc:2


Message History

A satyr comes into view. It is wielding an enchanted greatsling.
Casting: Iskenderun's Mystic Blast
Confirm with . or Enter, or press ? or * to list all spells.
Aiming: Iskenderun's Mystic Blast
Press: ? - help, Shift-Dir - straight line, f/p - merfolk impaler
Aim: a merfolk impaler, wielding an enchanted trident (severely wounded)
The orb of energy hits the merfolk impaler.
The merfolk impaler is almost dead.
The orb of energy explodes!
The mystic blast hits the faun.
The faun is heavily wounded.
The mystic blast hits the satyr.
The satyr is almost dead.
Your battlesphere fires!
The barrage of energy hits the merfolk impaler.
You kill the merfolk impaler!
Your battlesphere expends the last of its energy and dissipates.
The faun shoots a stone.
The stone hits you!!
* * * LOW HITPOINT WARNING * * *
The satyr shoots a sling bullet.
The sling bullet hits you!
You die...

#.≈≈≈(%.. ..##≈≈≈≈≈≈..
..##≈≈≈≈≈≈.≈ .≈. cc##≈≈≈≈≈≈≈≈
.≈≈≈ 8≈≈ ).8#≈≈≈≈≈≈≈≈
.≈≈≈≈≈##≈≈# ##..##≈≈≈≈≈≈≈≈
...≈≈≈#8≈≈≈## ##...8#≈≈≈≈≈≈≈≈
..>.≈≈##≈≈≈≈# #..§.##≈≈≈≈≈≈≈≈
.......##≈≈≈# #.@.##≈≈≈≈≈≈≈≈≈
#......#≈≈≈# #((.#..≈≈≈≈≈≈≈≈
#......##≈≈# #((##...≈≈≈≈≈≈≈
##=....).##'# #'##......≈≈≈≈≈
...........#####.......≈≈≈≈≈≈
...................?...≈≈≈≈≈≈
.......................≈≈≈≈≈≈
.#....................≈≈≈≈≈≈
>#....≈≈≈≈............≈≈≈≈≈≈


You could see a satyr and a faun.

Vanquished Creatures
  An orc warlord (Orc:2)
  An ettin (Orc:2)
  2 merfolk impalers (Shoals:1)
  7 orc high priests (Orc:2)
  2 skeletal warriors
  A gelid demonspawn (Orc:2)
  A sea snake (Shoals:1)
  An infernal demonspawn (Orc:2)
  13 hill giants (Orc:1)
  An ugly thing (D:12)
  6 orc sorcerers
  6 orc knights
  4 cyclopes (Orc:1)
  A deep elf mage (D:12)
  3 fauns (Shoals:1)
  2 oklob plants
  A manticore (Shoals:1)
  A black mamba (Lair:3)
  5 spiny frogs
  3 rime drakes (Lair:4)
  A freezing wraith (D:12)
  6 komodo dragons
  A hellwing (Orc:2)
  5 trolls
  An ice devil (Orc:2)
  A red devil (Orc:2)
  2 merfolk (Shoals:1)
  A two-headed ogre (Orc:1)
  A boulder beetle (D:11)
  13 blink frogs
  2 flying skulls (D:9)
  A wraith (D:10)
  2 water elementals (Shoals:1)
  3 shadows (D:9)
  3 basilisks
  23 yaks
  A steam dragon (Lair:5)
  6 hippogriffs
  A chaos spawn (Orc:2)
  3 hungry ghosts
  10 wargs
  3 nagas (Lair:6)
  Duvessa (D:5)
  A soldier ant (D:10)
  9 water moccasins
  10 porcupines
  A swamp drake (D:8)
  6 ice beasts
  3 black bears
  31 orc warriors
  2 necrophages (D:9)
  6 centaurs
  21 ogres
  4 phantoms
  26 wolves
  8 crocodiles
  6 big kobolds
  A wyvern zombie (D:9)
  Blork the orc (D:5)
  12 giant frogs
  2 gnoll sergeants
  Dowan (D:5)
  7 scorpions
  7 killer bees
  3 wights (D:9)
  7 electric eels
  9 howler monkeys
  5 crimson imps
  A giant frog zombie (D:6)
  3 centaur zombies
  A wasp zombie (D:6)
  4 jellies
  24 orc priests
  11 hounds
  Crazy Yiuf (D:4)
  6 giant frog skeletons
  A gnoll shaman (D:9)
  A centaur skeleton (D:11)
  10 iguanas
  22 orc wizards
  7 worker ants
  12 sheep
  2 hound zombies
  2 hound skeletons (D:9)
  4 howler monkey zombies
  2 worker ant zombies (D:9)
  17 adders
  28 gnolls
  51 river rats
  3 shadow imps
  An ooze (D:7)
  An adder skeleton (D:9)
  An adder zombie (D:9)
  4 worms
  2 dart slugs
  13 giant geckos
  90 orcs
  4 ball pythons
  4 bats
  A giant cockroach (D:2)
  33 goblins
  34 hobgoblins
  18 jackals
  14 kobolds
  3 quokkas
  2 giant newts
  A jackal skeleton (D:9)
  5 quokka zombies (D:9)
  10 rats
796 creatures vanquished.

Vanquished Creatures (others)
  A fungus (Lair:3)
  2 plants
3 creatures vanquished.

Grand Total: 799 creatures vanquished

Notes
Turn   | Place    | Note
--------------------------------------------------------------
     0 | D:1      | danji the Deep Elf Conjurer began the quest for the Orb.
     0 | D:1      | Reached XP level 1. HP: 10/10 MP: 6/6
   300 | D:1      | Reached skill level 4 in Spellcasting
   300 | D:1      | Reached XP level 2. HP: 15/15 MP: 7/9
   308 | D:1      | Learned a level 2 spell: Searing Ray
  1041 | D:2      | Reached skill level 5 in Spellcasting
  1041 | D:2      | Reached XP level 3. HP: 19/19 MP: 6/11
  1351 | D:2      | Found an opulent altar of Gozag.
  1872 | D:3      | Reached XP level 4. HP: 24/24 MP: 10/13
  1898 | D:3      | Learned a level 4 spell: Iskenderun's Mystic Blast
  1943 | D:3      | Reached skill level 6 in Spellcasting
  1954 | D:3      | Found an iron altar of Okawaru.
  2441 | D:3      | Found a bloodstained altar of Trog.
  2783 | D:4      | Found a shimmering altar of Xom.
  2844 | D:4      | Reached skill level 7 in Spellcasting
  2844 | D:4      | Reached XP level 5. HP: 28/28 MP: 4/16
  3085 | D:4      | Reached skill level 8 in Spellcasting
  3186 | D:4      | Found a shadowy altar of Dithmenos.
  3421 | D:4      | Found an iron altar of Okawaru.
  3447 | D:4      | Found a sacrificial altar of Ru.
  3451 | D:4      | Found a snail-covered altar of Cheibriados.
  3526 | D:4      | Noticed Crazy Yiuf
  3531 | D:4      | Killed Crazy Yiuf
  3531 | D:4      | Reached XP level 6. HP: 32/32 MP: 12/19
  3595 | D:5      | Entered Level 5 of the Dungeon
  3904 | D:5      | Reached skill level 9 in Spellcasting
  4164 | D:5      | Noticed Blork the orc
  4173 | D:5      | Killed Blork the orc
  4173 | D:5      | Reached skill level 10 in Spellcasting
  4173 | D:5      | Reached XP level 7. HP: 32/36 MP: 13/22
  4240 | D:5      | Noticed Dowan
  4246 | D:5      | Killed Dowan
  4272 | D:5      | Noticed Duvessa
  4278 | D:5      | HP: 1/36 [Duvessa/short sword (7)]
  4280 | D:5      | Killed Duvessa
  4574 | D:5      | Found a sparkling altar of Nemelex Xobeh.
  4607 | D:5      | Found a blossoming altar of Fedhas.
  5341 | D:6      | Reached skill level 11 in Spellcasting
  5752 | D:6      | Reached skill level 12 in Spellcasting
  5807 | D:6      | Reached XP level 8. HP: 37/41 MP: 11/26
  5814 | D:6      | Learned a level 5 spell: Iskenderun's Battlesphere
  6869 | D:6      | Reached skill level 5 in Conjurations
  6870 | D:6      | Reached skill level 1 in Charms
  7395 | D:6      | Reached skill level 13 in Spellcasting
  7993 | D:6      | Found a deep blue altar of Sif Muna.
  8011 | D:6      | Reached XP level 9. HP: 44/45 MP: 24/28
  8023 | D:6      | Became a worshipper of Sif Muna the Loreminder
  8615 | D:7      | Found a staircase to the Ecumenical Temple.
  8632 | Temple   | Entered the Ecumenical Temple
  9232 | D:7      | Reached * piety under Sif Muna
  9450 | D:7      | Reached skill level 5 in Charms
  9883 | D:8      | Found an ancient bone altar of Kikubaaqudgha.
  9883 | D:8      | Found a glowing golden altar of the Shining One.
  9931 | D:8      | Found a sparkling altar of Nemelex Xobeh.
  9961 | D:8      | Reached ** piety under Sif Muna
 10021 | D:8      | Found Zoiza's General Store.
 10031 | D:8      | Reached skill level 5 in Dodging
 10031 | D:8      | Reached skill level 14 in Spellcasting
 10400 | D:8      | Found a staircase to the Lair.
 10649 | D:8      | Reached XP level 10. HP: 50/50 MP: 18/30
 10895 | D:9      | Found a staircase to the Orcish Mines.
 11537 | D:9      | Reached *** piety under Sif Muna
 11635 | D:9      | Noticed a skeletal warrior
 11853 | D:9      | Reached skill level 10 in Conjurations
 12026 | D:9      | Reached skill level 15 in Spellcasting
 12103 | D:10     | Entered Level 10 of the Dungeon
 12106 | D:10     | Reached **** piety under Sif Muna
 12732 | D:10     | Reached skill level 16 in Spellcasting
 12784 | D:10     | Found a blossoming altar of Fedhas.
 13145 | D:10     | Reached ***** piety under Sif Muna
 13321 | D:10     | Reached XP level 11. HP: 44/54 MP: 8/33
 13500 | D:10     | Got a faintly glowing buckler
 13506 | D:10     | Identified the +0 buckler "Uguxyjem" {Int+4} (You found it on level 10 of the Dungeon)
 13591 | D:10     | Reached skill level 1 in Shields
 13743 | D:9      | Noticed a skeletal warrior
 13752 | D:9      | Killed a skeletal warrior
 14896 | D:11     | Killed a skeletal warrior
 16242 | D:12     | Noticed a deep elf mage
 16244 | D:12     | Killed a deep elf mage
 16246 | D:12     | Noticed a cyan ugly thing
 16248 | D:12     | Killed a cyan ugly thing
 16474 | Orc:1    | Entered Level 1 of the Orcish Mines
 17079 | Orc:1    | Noticed an orc sorcerer
 17085 | Orc:1    | Killed an orc sorcerer
 17086 | Orc:1    | Reached ****** piety under Sif Muna
 17086 | Orc:1    | Received a gift from Sif Muna
 17089 | Orc:1    | Identified Sif Muna's Incunabulum of the Snowflakes and Flight (Sif Muna gifted it to you on level 1 of the Orcish Mines)
 17203 | Orc:1    | Reached XP level 12. HP: 33/59 MP: 0/34
 17753 | D:9      | HP: 2/59 [orc knight/war axe (19)]
 18280 | D:9      | Learned a level 1 spell: Shock
 19507 | Orc:1    | Received a gift from Sif Muna
 19521 | Orc:1    | Reached skill level 10 in Charms
 19534 | Orc:1    | Got an opalescent robe
 19545 | Orc:1    | Identified the +3 robe of the Sparrow {rF++ rC- Int+5} (You took it off an orc wizard on level 1 of the Orcish Mines)
 19720 | Orc:1    | Identified Sif Muna's Papyrus of Contamination (Sif Muna gifted it to you on level 1 of the Orcish Mines)
 19886 | Orc:1    | Noticed a frost giant
 19977 | Orc:2    | Entered Level 2 of the Orcish Mines
 19977 | Orc:2    | Found a roughly hewn altar of Beogh.
 20177 | Orc:2    | Found a staircase to the Elven Halls.
 20185 | Orc:2    | Noticed an orc high priest
 20549 | Lair:1   | Entered Level 1 of the Lair of Beasts
 20552 | Lair:1   | Found a basalt altar of Yredelemnul.
 20639 | Lair:1   | Reached skill level 1 in Air Magic
 20653 | Lair:1   | Reached XP level 13. HP: 63/63 MP: 13/35
 21569 | Lair:1   | Reached skill level 17 in Spellcasting
 21847 | Lair:1   | Got a transparent scimitar
 21848 | Lair:1   | Identified the +7 scimitar of Paper {antimagic, rN+ Dex+2} (You found it on level 1 of the Lair of Beasts)
 22058 | Lair:2   | Reached skill level 15 in Conjurations
 23090 | Lair:3   | Received a gift from Sif Muna
 23091 | Lair:3   | Identified Sif Muna's Tome of Feathery Confrontation (Sif Muna gifted it to you on level 3 of the Lair of Beasts)
 25516 | Lair:5   | Reached skill level 18 in Spellcasting
 25792 | Lair:5   | Found a staircase to the Shoals.
 26085 | Lair:6   | Learned a level 2 spell: Throw Flame
 26560 | Lair:6   | Received a gift from Sif Muna
 26563 | Lair:6   | Identified Sif Muna's Compendium of Blistering Battle Magic (Sif Muna gifted it to you on level 6 of the Lair of Beasts)
 26568 | Lair:6   | Learned a level 3 spell: Stone Arrow
 26568 | Lair:6   | Found a staircase to the Snake Pit.
 27722 | Orc:2    | Noticed an ettin
 27725 | Orc:2    | Killed an ettin
 27801 | Orc:2    | Found Lixt's Magic Scroll Emporium.
 27803 | Orc:2    | Found Issam's Food Shoppe.
 27813 | Orc:2    | Reached XP level 14. HP: 68/68 MP: 16/38
 28721 | Orc:2    | Noticed an orc warlord
 28884 | Orc:2    | Killed an orc warlord
 29216 | Orc:2    | Paralysed by an orc sorcerer for 4 turns
 29226 | Orc:2    | Reached skill level 1 in Fire Magic
 30260 | Orc:2    | Reached skill level 5 in Stealth
 30260 | Orc:2    | Reached skill level 19 in Spellcasting
 30654 | Orc:2    | Found Fiaff's Antique Weapon Shop.
 30654 | Orc:2    | Found a one-way gate leading to the halls of Pandemonium.
 30654 | Orc:2    | Found Founithu's Book Boutique.
 31037 | Shoals:1 | Entered Level 1 of the Shoals
 31041 | Shoals:1 | Received a gift from Sif Muna
 31042 | Shoals:1 | Identified Sif Muna's Disquisition on Earthen Attacks (Sif Muna gifted it to you on level 1 of the Shoals)
 31051 | Shoals:1 | Learned a level 7 spell: Spellforged Servitor
 31377 | Shoals:1 | Shot with a sling bullet by a satyr

Skill      XL: |  1  2  3  4  5  6  7  8  9 10 11 12 13 14 |
---------------+-------------------------------------------+-----
Spellcasting   | 4 5 7 8 10 12 13 14 16 18 19 | 19.4
Dodging        | 4 5 6 7 8 |  8.2
Conjurations   | 6 8 10 12 14 15 16 | 16.6
Charms         | 3 6 8 10 11 | 11.7
Stealth        | 3 4 5 |  5.0
Shields        | 4 |  4.1
Air Magic      | 1 4 |  4.7
Fire Magic     | 2 |  2.9
Evocations     | |  0.4

Action                   |  1- 3 |  4- 6 |  7- 9 | 10-12 | 13-15 || total
-------------------------+-------+-------+-------+-------+-------++-------
Melee: Short sword       |     6 |       |       |     9 |       ||    15
       Flail             |       |       |       |    10 |    48 ||    58
 Cast: Magic Dart        |    93 |   126 |   226 |   539 |     4 ||   988
       Searing Ray       |       |     9 |    56 |    30 |     4 ||    99
       Iskenderun's Myst |       |       |    49 |   120 |   187 ||   356
       Iskenderun's Batt |       |       |     1 |    68 |    91 ||   160
       Shock             |       |       |       |   119 |   396 ||   515
       Throw Flame       |       |       |       |       |    72 ||    72
       Spellforged Servi |       |       |       |       |     1 ||     1
 Abil: Evoke Flight      |       |       |       |     1 |       ||     1
Evoke: Wand              |       |       |       |     1 |     2 ||     3
  Use: Scroll            |       |     6 |    16 |     3 |     9 ||    34
       Potion            |       |       |     3 |     6 |     3 ||    12
  Eat: Bread ration      |     1 |     1 |     2 |     6 |     6 ||    16
       Meat ration       |       |     1 |     2 |     1 |       ||     4
       Pizza             |       |       |       |     1 |       ||     1
       Fruit             |       |       |       |       |     6 ||     6
Armor: Robe              |     1 |     3 |    14 |    33 |    37 ||    88
Dodge: Dodged            |     6 |    23 |    94 |   139 |   113 ||   375
Block: Buckler           |       |       |       |    23 |    33 ||    56
